 Dungeon Crawl Stone Soup version 0.30-a0-722-g3e6e8c874d (console) character file.

Game seed: 966319086674198966

4749 petzl the Covert (level 10, -23/79 HPs)
             Began as a Formicid Delver on Jan 27, 2023.
             Annihilated by an ettin
             ... wielding a +0 dire flail
              (43 damage)
             ... on level 15 of the Dungeon.
             The game lasted 00:51:34 (9263 turns).

petzl the Covert (Formicid Delver)                  Turns: 9263, Time: 00:51:35

Health: -23/79     AC: 11    Str: 17    XL:     10   Next: 74%
Magic:  18/19      EV: 10    Int: 20    God:
Gold:   519        SH:  6    Dex: 15    Spells: 18/21 levels left

rFire   . . .      SeeInvis +    a - +2 shortbow (freeze)
rCold   + . .      Faith    .    v - +1 buckler
rNeg    . . .      Spirit   .    w - +0 ring mail {rC+}
rPois   .          Reflect  .    (helmet unavailable)
rElec   .          Harm     .    m - +0 cloak
rCorr   .          Rampage  .    (no gloves)
Will    +....                    C - +0 pair of boots
Stlth   +++                      n - amulet of magic regeneration
HPRegen 0.33/turn                f - +4 ring of protection
MPRegen 0.56/turn                E - +6 ring of intelligence

@: no status effects
A: permanent stasis, dig shafts and tunnels, antennae 3, four strong arms
a: Dig, Shaft Self


You were on level 15 of the Dungeon.
You visited 1 branch of the dungeon, and saw 15 of its levels.

You collected 519 gold pieces.

Inventory:

Hand Weapons
 a - a +2 shortbow of freezing (weapon)
 b - a +0 dagger of venom {!f =f}
 d - a +0 mace
 u - a +1 short sword of speed
 F - the +0 halberd of Ikyseklu {holy, Dex+6}
   (You found it on level 5 of the Dungeon)

   Dex:       It affects your dexterity (+6).
Missiles
 p - 21 poisoned darts
 L - 3 curare-tipped darts
Armour
 m - a +0 cloak (worn)
 v - a +1 buckler (worn)
 w - a +0 ring mail of cold resistance (worn)
 C - a +0 pair of boots (worn)
Magical Staves
 G - a staff of fire
Jewellery
 f - a +4 ring of protection (left hand)
 n - an amulet of magic regeneration (around neck)
 q - a ring of ice
 B - a ring of flight
 E - a +6 ring of intelligence (right hand)
Wands
 g - a wand of digging (2)
 k - a wand of flame (6)
 y - a wand of quicksilver (2)
 z - a wand of paralysis (2)
Scrolls
 c - 2 scrolls of fog
 e - 2 scrolls of fear
 h - 3 scrolls of enchant armour
 D - a scroll of silence
Potions
 i - 3 potions of curing
 j - 2 potions of resistance
 l - 4 potions of heal wounds
 o - a potion of lignification {unknown}
 r - a potion of cancellation {unknown}
 s - 2 potions of attraction {unknown}
 t - 2 potions of degeneration {unknown}
 x - 2 potions of magic {unknown}
 H - a potion of flight {unknown}
 I - a potion of might {unknown}


   Skills:
 + Level 7.0 Fighting
 - Level 2.0 Maces & Flails
 - Level 4.0 Ranged Weapons
 - Level 1.7 Dodging
 - Level 8.0 Stealth
 - Level 4.0 Shields
 + Level 6.0 Spellcasting
 + Level 6.9 Conjurations
 * Level 0.0 Fire Magic
 - Level 5.0 Air Magic
 - Level 5.0 Poison Magic


You had 18 spell levels left.
You knew the following spells:

 Your Spells              Type           Power      Damage    Failure   Level
m - Mephitic Cloud        Conj/Pois/Air  28%        N/A       7%          3

Your spell library contained the following spells:

 Spells                   Type           Power      Damage    Failure   Level
 Poisonous Vapours        Pois/Air       52%        N/A       4%          2
 Foxfire                  Conj/Fire      80%        2x1d8     5%          1
 Cigotuvi's Dreadful Rot  Necr/Pois/Air  38%        N/A       9%          2
 Spider Form              Tmut/Pois      16%        N/A       26%         3
 Vhi's Electric Charge    Tloc/Air       32%        N/A       26%         3
 Ensorcelled Hibernation  Hex/Ice        12%        N/A       34%         2
 Kindle Blastsparks       Fire/Tloc/Air  24%        2d12      34%         3
 Fulminant Prism          Conj/Hex       10%        3d8       50%         4
 Iskenderun's Mystic Bla  Conj/Tloc      20%        2d6       50%         4
 Arcjolt                  Conj/Air       15%        1d25      50%         5
 Fireball                 Conj/Fire      10%        3d6       83%         5
 Anguish                  Hex/Necr       3%         N/A       93%         4
 Lee's Rapid Deconstruct  Erth           3%         3d5*      100%        5
 Starburst                Conj/Fire      10%        6d5       100%        6
 Maxwell's Capacitive Co  Air            13%        ∞         100%        8


Dungeon Overview and Level Annotations

Branches:
Dungeon (15/15)            Temple (0/1) D:4          Depths (0/4) D:15
   Lair: D:8-11         Orc: D:9-12      Vaults: D:13-14

Altars:

Shops:
D:8 =

Annotations:
D:3 exclusion: downstairs
D:4 Dowan, Duvessa
D:5 exclusions: downstairs and ice beast
D:7 exclusion: upstairs, Prince Ribbit
D:10 exclusions: downstairs, gnoll sergeant and killer bee, Maurice, Urug
D:11 3 runed translucent doors, exclusions: 2 downstairs and 2 slime creatures, Josephine; retardedninja's ghost, journeyman HOFi
D:12 1 runed translucent door, exclusion: downstairs
D:13 exclusions: gargoyle and 2 slime creatures
D:15 exclusions: deep troll and ugly thing


Innate Abilities, Weirdness & Mutations

You cannot be hasted, slowed, berserked, paralysed or teleported.
You can dig through walls and to a lower floor.
You have a pair of large antennae on your head. (SInv)
Your four strong arms can wield two-handed weapons with a shield.


Message History

Unknown command.
Unknown command.
Casting: Mephitic Cloud (dangerous; 7% risk of failure)
Confirm with . or Enter, or press ? or * to list all spells.
Aiming: Mephitic Cloud (dangerous; 7% risk of failure)
Press: ? - help, Shift-Dir - straight line, f - deep troll, p - boulder beetle
Aim: a deep troll (chance to affect: 53%)
The ball explodes into a vile cloud!
The stinking cloud engulfs the deep troll but does no damage.
You hear a shout!
The boulder beetle is engulfed in noxious fumes.
The boulder beetle bites you.
The deep troll is engulfed in noxious fumes.
The deep troll appears confused.
The boulder beetle is engulfed in noxious fumes.
The deep troll is engulfed in noxious fumes.
A necromancer comes into view. It is wielding a +0 dagger.
You see here a +0 robe.
The boulder beetle is engulfed in noxious fumes.
The boulder beetle barely misses you.
The boulder beetle bites itself but does no damage.
The deep troll is engulfed in noxious fumes.
The deep troll appears confused.
The boulder beetle seems less confused.
Found 3 boomerangs.
The boulder beetle attacks as you move away!
The boulder beetle bites you!
The boulder beetle waves its antennae.
The necromancer gestures at you while chanting.
The bolt of negative energy misses you.
The ettin hits you with a +0 dire flail!!
The ettin hits you but does no damage.
You hear a horrible gurgling sound!
There is an escape hatch in the ceiling, spattered with blood here.
You hear a horrible gurgling sound!
The boulder beetle bites you!
* * * LOW HITPOINT WARNING * * *
The ettin hits you with a +0 dire flail!!!
Ouch! That really hurt!
You die...

....+,,,,,,,,*,,,,,,,,*,,,,,,,,,,,*
+####*,,,,,,,*,*****,,*,,,,,,,,,,,*
,,,,**,,,,,,,*,,,,,*,,*,,,,,*******
{,,,**,,,,*,*,*,*,,*,,*,,,,,*
,,,,*****,,,,*,,,*,*,,*,,,,,*
,,,,*,,,,,,,,*,,,,,*,,*,,,,,*
,,,,*,,,,,,,,*⌠,,*,,,,,,,,,,*
,,,,*,,,,,,,,****,****,,,,,,*
,,,,+,^,,,,,,,,,,*,,>*,,,,,,*
,,,,*,,,,,,,,,,*,,,,,*,...,,*
,,,,*,,,,,,,,,,*,*,,,*......*
,,,,**,,,,,,,***,,*.#.#.#...# ###
,,,,************,,,..#......# #..###
,,,,**,,,,,,,,,***##.#......######..###
,,,,,,,,,,,,,#####+..#............##..###
,,,,,,,,,,,,,#....................####...
,,<,,,,,,,,,,#......p.............# ##..
,,,,,,,,,,,,,#.......C...T........# #..
,,,,*********#......@B............# #..
,,,,** #...........[........#***###
,,,,,* #.......................,,,#
,,,,,* #............).........u,,,#
,,,,,* #.(..................u...,,#
*,,,*********#..............######....,,#
**,,*,,,,,,,,.#########.....# #....u.#
,**,*,,,,,,,,,*,,,,,,,#.....# *....{.#
,**,*,,,,,,,,,*,,,,,,,#.....# *...{..#
,**,*,,,,,,,,,*,,,,,,,#.....# *..{.{.#
**,,*,,,,,,,,,*,,,,,,,*,,,,,* *,.....#
*,,,*,,,,,,,,,*,,,,,,,*,,,,,* *,.....#
,,,,**********,,,,,,,,+,,,,,* *****#..
,,,,,* *,,,,,,,,*,,,,,* #.. ,,,,,*
**********,,,,,* #.. ,,,,,* *,,,,,* #..
,,,,,* *,,,,,* #.. ,,,,,* *,,,,,* #..
,,,,,* *,,,,,* #..


You could see a boulder beetle, an ettin, a deep troll (confused) and a
necromancer.

Vanquished Creatures
  A boulder beetle (D:11)
  Sonja (D:10)
  3 cyclopes
  A hornet (D:11)
  7 yaks
  A wraith (D:13)
  An ice beast (D:9)
  A centaur (D:10)
  A phantom (D:4)
  A kobold brigand (D:8)
  A necrophage (D:7)
  2 bullfrogs (D:7)
  4 wights
  A killer bee (D:9)
  2 jellies
  A hound (D:7)
  An orc priest (D:7)
  An iguana (D:4)
  3 orc wizards
  Robin (D:3)
  9 adders
  A shadow imp (D:7)
  A white imp (D:3)
  An ufetubus (D:5)
  A worm (D:2)
  6 dart slugs
  23 orcs
  8 bats
  7 endoplasms
  4 giant cockroaches (D:2)
  11 goblins
  19 hobgoblins
  4 quokkas
  5 ball pythons
  4 frilled lizards
  11 kobolds
  3 rats
153 creatures vanquished.

Notes
Turn   | Place    | Note
-------+----------+-------------------------------------------
     0 | D:5      | petzl the Formicid Delver began the quest for the Orb.
     0 | D:5      | Reached XP level 1. HP: 18/18 MP: 1/1
    26 | D:5      | Noticed an ice beast
    71 | D:6      | Noticed a wight
    71 | D:6      | Noticed a wight
   117 | D:5      | Noticed a jelly
   191 | D:4      | Noticed a phantom
   295 | D:1      | Reached skill level 1 in Spellcasting
   326 | D:1      | Reached XP level 2. HP: 24/24 MP: 4/4
   534 | D:1      | Found a faded altar of an unknown god.
   538 | D:1      | Reached XP level 3. HP: 25/29 MP: 6/6
   783 | D:1      | Learned a level 3 spell: Mephitic Cloud
  1338 | D:2      | Reached XP level 4. HP: 35/35 MP: 8/8
  1814 | D:2      | Reached skill level 1 in Poison Magic
  1851 | D:3      | Reached skill level 1 in Ranged Weapons
  1917 | D:3      | Reached XP level 5. HP: 37/41 MP: 9/9
  2245 | D:3      | Noticed Robin
  2247 | D:3      | Reached skill level 1 in Conjurations
  2287 | D:3      | Killed Robin
  2457 | D:3      | Reached skill level 1 in Air Magic
  3041 | D:4      | Reached XP level 6. HP: 48/48 MP: 10/10
  3047 | D:4      | Found a staircase to the Ecumenical Temple.
  3059 | D:4      | Reached skill level 1 in Shields
  3065 | D:4      | You fall into a shaft and drop 1 floor!
  3118 | D:4      | Found the +8 whip "Snakebite" {venom, curare, rPois}
  3131 | D:4      | Noticed Duvessa
  3133 | D:4      | Noticed Dowan
  3439 | D:4      | You fall into a shaft and drop 1 floor!
  3750 | D:5      | Noticed a water moccasin
  3876 | D:4      | You fall into a shaft and drop 2 floors!
  4142 | D:5      | Identified the +0 halberd of Ikyseklu {holy, Dex+6}
  4224 | D:4      | You fall into a shaft and drop 1 floor!
  4516 | D:5      | You fall into a shaft and drop 2 floors!
  4632 | D:7      | Reached XP level 7. HP: 50/54 MP: 12/12
  4755 | D:7      | Noticed Prince Ribbit
  4771 | D:7      | You fall into a shaft and drop 3 floors!
  4771 | D:10     | Entered Level 10 of the Dungeon
  4962 | D:11     | Noticed Josephine
  4962 | D:11     | Noticed a wraith
  4962 | D:11     | Noticed a wraith
  4962 | D:11     | Noticed a wraith
  4977 | D:10     | Noticed Urug
  4983 | D:10     | Noticed Maurice
  5487 | D:7      | Reached XP level 8. HP: 38/61 MP: 13/13
  5993 | D:8      | Found Ceoxte's Jewellery Shoppe.
  6540 | D:9      | You fall into a shaft and drop 1 floor!
  6702 | D:10     | Noticed Sonja
  6708 | D:10     | Noticed a yak
  6714 | D:10     | Noticed a yak
  6715 | D:10     | Killed Sonja
  6715 | D:10     | Noticed a yak
  6716 | D:10     | Reached skill level 5 in Fighting
  6716 | D:10     | Reached skill level 7 in Stealth
  6716 | D:10     | Reached skill level 5 in Poison Magic
  6716 | D:10     | Reached XP level 9. HP: 56/68 MP: 6/15
  6875 | D:10     | Noticed a troll
  6900 | D:10     | You fall into a shaft and drop 1 floor!
  7093 | D:11     | Noticed a cyclops
  7161 | D:11     | Killed a cyclops
  7191 | D:12     | Noticed a cyclops
  7309 | D:11     | Noticed a hornet
  7310 | D:11     | Found a runed translucent gate.
  7311 | D:11     | Identified the +3 chain mail "Moherih" {Str+2 Dex+3}
  7317 | D:11     | Killed a hornet
  7318 | D:11     | Reached skill level 5 in Conjurations
  7330 | D:11     | Noticed retardedninja's ghost (journeyman HOFi)
  7409 | D:11     | Found a runed translucent gate.
  7410 | D:11     | Found a runed translucent gate.
  7436 | D:11     | Noticed a cyclops
  7489 | D:11     | Reached XP level 10. HP: 65/76 MP: 6/17
  7496 | D:11     | Reached skill level 5 in Spellcasting
  7616 | D:11     | Reached skill level 8 in Stealth
  7678 | D:11     | Killed a cyclops
  7679 | D:11     | Reached skill level 5 in Air Magic
  7697 | D:11     | Noticed a boulder beetle
  7846 | D:11     | Killed a boulder beetle
  8125 | D:12     | Found a runed translucent door.
  8125 | D:12     | Noticed a glowing orange brain
  8125 | D:12     | Noticed a deep troll earth mage
  8125 | D:12     | Noticed a yaktaur captain
  8193 | D:12     | Noticed a cyan ugly thing
  8229 | D:10     | You fall into a shaft and drop 3 floors!
  8547 | D:13     | Noticed a boulder beetle
  8563 | D:13     | You fall into a shaft and drop 1 floor!
  8582 | D:14     | Noticed a centaur warrior
  8600 | D:14     | You fall into a shaft and drop 1 floor!
  8600 | D:15     | Entered Level 15 of the Dungeon
  8756 | D:13     | Noticed a cyclops
  8792 | D:13     | Killed a cyclops
  8996 | D:13     | Noticed a gargoyle
  9028 | D:13     | Noticed a bunyip
  9068 | D:12     | You fall into a shaft and drop 3 floors!
  9214 | D:15     | Noticed a cyan ugly thing
  9247 | D:15     | Noticed a deep troll
  9248 | D:15     | Noticed a cyan ugly thing
  9249 | D:15     | Noticed a cyan ugly thing
  9251 | D:15     | Noticed a boulder beetle
  9255 | D:15     | Noticed an ettin
  9257 | D:15     | Noticed a necromancer
  9263 | D:15     | Annihilated by an ettin

Illustrated notes

Levels and vault maps discovered:
D:1:      wander_arrival_chamber, layout_loops_ring,
          hellmonk_ecumenical_altar_pennies_from_heaven, serial_glass,
          glass_columns_a, glass_columns_a, glass_columns_a, glass_columns_a,
          glass_columns_a, glass_columns_a, glass_columns_a, glass_columns_a,
          glass_columns_a, glass_columns_a, minmay_misc_feat_tower
D:2:      layout_basic
D:3:      minmay_bubble_buster, layout_basic, uniq_robin
D:4:      layout_cave_pools, minmay_temple_entry_nine_rooms, serial_glass,
          glass_columns_a, glass_columns_a, due_unseen_surprise,
          minmay_strange_pillars, minmay_strange_pillars, item_on_display_a,
          chequers_serial_rivers_micro_c, glass_columns_a, uniq_duvessa
D:5:      layout_loops_ring, nicolae_titane
D:6:      layout_basic
D:7:      layout_basic, enter_bailey_4, serial_shops, nicolae_lakefront_shop,
          uniq_prince_ribbit1
D:8:      layout_basic, serial_shops, nicolae_shop_crystal,
          nicolae_transporter_intersection
D:9:      layout_long_grid, grunt_temple_overflow_cloverleaf,
          hellmonk_lair_entry_icy, uniq_pikel
D:10:     layout_long_grid, gammafunk_temple_overflow_claw, serial_bayou_pond_b,
          minivault_4, minmay_misc_feat_square, uniq_maurice, uniq_sonja,
          uniq_urug
D:11:     layout_big_octagon, biasface_ghost_orc_armoury, led_sif_book,
          uniq_josephine
D:12:     layout_cave_pods, david_orc_1_choice, kennysheep_treasure_room
D:13:     layout_layer_cave
D:14:     layout_roguey, grunt_vaults_entry_tiered, nrook_mini_vaults
D:15:     hangedman_depths_entry_civil_slaughter, layout_gridville,
          good_gods_temple_1

Skill      XL: |  1  2  3  4  5  6  7  8  9 10 |
---------------+-------------------------------+-----
Spellcasting   | 1 2 3 4 6 |  6.0
Poison Magic   | 1 2 3 5 |  5.0
Ranged Weapons | 1 2 3 4 |  4.0
Conjurations   | 1 2 4 5 6 |  6.9
Air Magic      | 1 2 3 4 5 |  5.0
Shields        | 2 3 4 |  4.0
Fighting       | 4 5 7 |  7.0
Stealth        | 7 8 |  8.0
Maces & Flails | |  2.0
Dodging        | |  1.7

Action                     |  1- 3 |  4- 6 |  7- 9 | 10-12 || total
---------------------------+-------+-------+-------+-------++-------
  Melee: Mace              |    54 |   139 |   164 |    18 ||   375
         Short sword       |       |       |    28 |       ||    28
         Dagger            |       |       |    20 |    26 ||    46
   Fire: Sling             |    47 |   152 |     2 |       ||   201
         Shortbow          |       |       |    65 |    33 ||    98
  Throw: Dart              |       |     2 |     2 |     3 ||     7
   Cast: Mephitic Cloud    |       |       |    20 |    20 ||    40
Ability: Dig               |     1 |     1 |     1 |     1 ||     4
         Shaft Self        |       |     5 |     3 |     4 ||    12
  Evoke: Wand              |       |       |       |     1 ||     1
    Use: Scroll            |       |       |     9 |     3 ||    12
         Potion            |       |       |     4 |       ||     4
   Stab: Sleeping          |     9 |     1 |     1 |       ||    11
         Confused          |       |       |     7 |     2 ||     9
 Armour: Leather armour    |    14 |       |       |       ||    14
         Ring mail         |       |   132 |   109 |    21 ||   262
  Dodge: Dodged            |    44 |   150 |   125 |    25 ||   344
  Block: Buckler           |       |    24 |    66 |    15 ||   105

Table legend: (Time is in decaauts)
 A = Elapsed time spent in this place.
 B = Non-inter-level travel time spent in this place.
 C = Inter-level travel time spent in this place.
 D = Time resting spent in this place.
 E = Time spent auto-exploring this place.
 F = Levels seen in this place.
 G = Mean time per level.
                   A        B        C        D        E       F      G
               +--------+--------+--------+--------+--------+-----+--------+
         Total |   9463 |   8982 |    481 |   2147 |   2842 |  15 |  630.9 |
       Dungeon |   9463 |   8982 |    481 |   2147 |   2842 |  15 |  630.9 |
               +--------+--------+--------+--------+--------+-----+--------+

Top non-repeatable levels by time:
    D:11: 1264 daAuts
     D:3: 1244 daAuts
     D:5: 1047 daAuts
     D:7: 984 daAuts
     D:2: 836 daAuts
     D:1: 778 daAuts
    D:10: 728 daAuts
     D:4: 646 daAuts
    D:13: 592 daAuts
     D:8: 520 daAuts
    D:15: 337 daAuts
     D:9: 167 daAuts
     D:6: 136 daAuts
    D:12: 97 daAuts
    D:14: 80 daAuts
